 Dungeon Crawl Stone Soup version 0.31.0-9-g3a7656b989 (webtiles) character file.

Game seed: 5516331798941971792

136 qw the Ducker (level 4, -3/22 HPs)
             Began as a Spriggan Hunter on Feb 2, 2024.
             Killed by divine providence
             ... invoked by an orc priest
              (13 damage)
             ... on level 3 of the Dungeon.
             The game lasted 00:00:06 (1951 turns).

qw the Ducker (Spriggan Hunter)                     Turns: 1951, Time: 00:00:06

Health: -3/22      AC:  4    Str:  7    XL:     4   Next: 98%
Magic:  5/5        EV: 20    Int: 10    God:
Gold:   112        SH:  0    Dex: 20    Spells: 3/3 levels left

rFire   + . .        c - +0 orcbow
rCold   . . .        (shield currently unavailable)
rNeg    . . .        j - +2 robe {rF+}
rPois   .            (helmet restricted)
rElec   .            (no cloak)
rCorr   .            (gloves unavailable)
SInv    +            (boots unavailable)
Will    .....        g - amulet of regeneration
Stlth   ++           (no ring)
HPRegen 1.03/turn    (no ring)
MPRegen 0.09/turn

%: no passive effects
@: very quick
A: very small, no large weapons, unfitting armour, see invisible, speed 3
a: no special abilities


You were on level 3 of the Dungeon.
You visited 1 branch of the dungeon, and saw 3 of its levels.

You collected 150 gold pieces.
You spent 38 gold pieces at shops.


Innate Abilities, Weirdness & Mutations

You are very small and have problems with some larger weapons.
You are too small for most types of armour.
You have supernaturally acute eyesight. (SInv)
You cover ground extremely quickly. (Speed+++)


   Skills:
 + Level 1.6 Fighting
 - Level 5.1 Ranged Weapons
 - Level 5.4 Dodging
 - Level 1.5 Stealth


You had 3 spell levels left.
You didn't know any spells.
Your spell library was empty.

Inventory:

Hand Weapons
 c - a +0 orcbow (weapon)
Armour
 j - a +2 robe of fire resistance (worn)
Jewellery
 f - a ring of fire
 g - an amulet of regeneration (around neck)
Potions
 b - a potion of curing
 e - 2 potions of haste

Dungeon Overview and Level Annotations

Branches:
Dungeon (3/15)

Altars:

Shops:
D:3 (


Message History

The orc priest completely misses you.
The orc priest mumbles some strange prayers to Beogh against you.
Beogh smites you!
You shoot an arrow.
The arrow closely misses the orc priest.
The bat completely misses you. The bat misses you.
The orc priest completely misses you. The bat completely misses you.
You shoot an arrow.
The arrow closely misses the orc priest.
The bat misses you. The orc priest closely misses you.
You shoot an arrow. The arrow hits the orc priest!
You kill the orc priest!
The orc misses you. The orc barely misses you.
Your Dodging skill increases to level 5!
You shoot an arrow. The arrow hits the orc.
The orc is almost dead.
The orc misses you.
You shoot an arrow. The arrow hits the orc.
You kill the orc!
The bat hits you. The bat completely misses you.
The orc priest casts a cantrip, but nothing happens.
You shoot an arrow. The arrow barely misses the bat.
The arrow barely misses the orc priest.
The bat completely misses you. The bat hits you but does no damage.
The bat barely misses you.
You shoot an arrow. The arrow hits the orc priest.
The orc priest is lightly wounded.
The bat misses you.
The orc priest hits you with a +0 dagger.
You shoot an arrow.
The arrow closely misses the orc priest.
The bat misses you. The bat completely misses you. x2
The orc priest hits you with a +0 dagger.
You shoot an arrow.
The arrow closely misses the orc priest.
The bat closely misses you.
The orc priest calls down the wrath of Beogh upon you.
Beogh smites you!
Ouch! That really hurt!
You die...

#..##...#.##
..........########
##................
..........########
##.##...#.#
#.##...#.########
#.######......b.#
#### ##.#
########b#.)..#
...# #@o%# ####
#####


You could see an orc priest and 2 bats.

Vanquished Creatures
  An orc priest (D:3)
  Jessica (D:2)
  An adder (D:2)
  3 dart slugs
  12 orcs (D:3)
  2 ball pythons
  4 endoplasms
  3 giant cockroaches
  7 goblins
  3 hobgoblins
  2 kobolds (D:1)
  5 bats
  4 frilled lizards
  6 rats
54 creatures vanquished.

Notes
Turn   | Place    | Note
-------+----------+-------------------------------------------
     0 | D:1      | qw the Spriggan Hunter began the quest for the Orb.
     0 | D:1      | Reached XP level 1. HP: 10/10 MP: 2/2
     0 | D:1      | 0 ||| qw: Version: 0.3-a-155-g5e7d8dd
     0 | D:1      | 0 ||| qw: Game counter: 1350
     0 | D:1      | 0 ||| qw: Melee chars always use a shield: true
     0 | D:1      | 0 ||| qw: God list: Okawaru
     0 | D:1      | 0 ||| qw: Allow faded altars: false
     0 | D:1      | 0 ||| qw: Do Orc after clearing Dungeon:15 true
     0 | D:1      | 0 ||| qw: Do second Lair branch before Depths: true
     0 | D:1      | 0 ||| qw: Lair rune preference: random
     0 | D:1      | 0 ||| qw: Goals: Normal
     0 | D:1      | 0 ||| PLANNING D:1-11
    87 | D:1      | Reached skill level 3 in Dodging
   325 | D:1      | Reached XP level 2. HP: 14/14 MP: 3/3
   765 | D:1      | 765 ||| UPGRADING to amulet of regeneration.
   770 | D:1      | 770 ||| READING scroll labelled LUOJUX GABBI.
   773 | D:1      | 773 ||| READING 4 scrolls labelled KAXEVUOMMO.
   773 | D:1      | 773 ||| IDENTIFYING yellow potion
   774 | D:1      | 774 ||| READING 3 scrolls of identify.
   774 | D:1      | 774 ||| IDENTIFYING amethyst potion
   775 | D:1      | 775 ||| READING 2 scrolls of identify.
   775 | D:1      | 775 ||| IDENTIFYING scroll labelled KANI VUNUY
   776 | D:1      | 776 ||| DROPPING scroll of butterflies.
   777 | D:1      | 777 ||| DROPPING potion of degeneration.
   778 | D:1      | 778 ||| DROPPING scroll of immolation.
   853 | D:2      | Reached XP level 3. HP: 15/18 MP: 4/4
  1370 | D:2      | Noticed Jessica
  1377 | D:2      | Killed Jessica
  1378 | D:2      | Reached XP level 4. HP: 20/22 MP: 5/5
  1671 | D:2      | 1671 ||| UPGRADING to +2 robe of fire resistance.
  1681 | D:2      | 1681 ||| DROPPING +0 robe.
  1682 | D:2      | 1682 ||| READING scroll of identify.
  1682 | D:2      | 1682 ||| IDENTIFYING pink potion
  1683 | D:2      | 1683 ||| READING scroll labelled ANIRO TAOPSAST.
  1784 | D:2      | 1784 ||| READING scroll labelled LODIREBRARUA.
  1811 | D:3      | Found Kuschusm's Weapon Boutique.
  1820 | D:3      | 1820 ||| BUYING +0 orcbow (38 gold).
  1820 | D:3      | Bought a +0 orcbow for 38 gold pieces
  1820 | D:3      | 1820 ||| SWAPPING to +0 orcbow.
  1821 | D:3      | 1821 ||| DROPPING +0 shortbow.
  1942 | D:3      | HP: 4/22 [orc priest/divine providence (10)]
  1951 | D:3      | Killed from afar by an orc priest

Levels and vault maps discovered:
D:1:      minmay_arrival_wavy_path, layout_basic, serial_bayou_lagoon_a,
          minmay_pentomino_x2
D:2:      layout_basic, roderic_serpentine_path, uniq_jessica
D:3:      layout_loops_ring, serial_shops,
          nicolae_shop_temple_entry_statues_fountains, shop, shop, shop,
          minivault_25, roderic_batcave, nrook_mini_backslash

Skill      XL: |  1  2  3  4 |
---------------+-------------+-----
Dodging        | 3 4 5 |  5.4
Ranged Weapons | 5 |  5.1
Fighting       | |  1.6
Stealth        | |  1.5

Action                     |  1- 3 |  4- 6 || total
---------------------------+-------+-------++-------
   Fire: Shortbow          |    87 |    16 ||   103
         Orcbow            |       |    36 ||    36
    Use: Scroll            |     4 |     3 ||     7
 Armour: Robe              |     8 |     7 ||    15
  Dodge: Dodged            |    30 |    28 ||    58

Table legend:
 A = Non-vault XP
 B = Vault XP
 C = Vault XP percentage of total XP
 D = Non-vault monster count
 E = Vault monster count
 F = Vault count percentage of total count
                 A         B        C        D         E       F
            +---------+---------+-------+---------+---------+-------
      Total |     156 |      39 |  20.0 |      51 |       3 |   5.6
            +---------+---------+-------+---------+---------+-------
        D:1 |      25 |       1 |   3.8 |      14 |       1 |   6.7
        D:2 |      48 |      37 |  43.5 |      21 |       1 |   4.5
        D:3 |      83 |       1 |   1.2 |      16 |       1 |   5.9
            +---------+---------+-------+---------+---------+-------
